 Dungeon Crawl Stone Soup version 0.28-a0-519-gbfeecf2fc5 (webtiles) character file.

Game seed: 11360076995701710457

322 ryw the Grave Robber (level 6, -3/45 HPs)
             Began as a Ghoul Necromancer on Sept 23, 2021.
             Slain by a water moccasin skeleton (5 damage)
             ... on level 5 of the Dungeon.
             The game lasted 00:13:53 (5180 turns).

ryw the Grave Robber (Ghoul Necromancer)            Turns: 5180, Time: 00:13:53

Health: -3/45      AC:  2    Str: 12      XL:     6   Next: 47%
Magic:  10/10      EV: 12    Int: 18      God:
Gold:   222        SH:  0    Dex:  6 (9)  Spells: 5/11 levels left

rFire   . . .      SeeInvis .   (no weapon)
rCold   + . .      Faith    .   (no shield)
rNeg    + + +      Spirit   .   a - +0 robe
rPois   ∞          Reflect  .   (no helmet)
rElec   .          Harm     .   (no cloak)
rCorr   .          Rampage  .   (no gloves)
Will    +....                   (no boots)
Stlth   ++........              (no amulet)
HPRegen 0.00/turn               e - ring of willpower
MPRegen 0.12/turn               k - +6 ring of intelligence

@: inhibited regen
A: claws 1, cold resistance 1, negative energy resistance 3, inhibited
regeneration, torment resistance 2
a: no special abilities


You were on level 5 of the Dungeon.
You visited 1 branch of the dungeon, and saw 5 of its levels.

You collected 222 gold pieces.

Inventory:

Missiles
 b - 152 stones
 g - 13 poisoned darts
 n - 4 atropa-tipped darts
Armour
 a - a +0 robe (worn)
 f - a +0 pair of gloves
Jewellery
 e - a ring of willpower (left claw)
 k - a +6 ring of intelligence (right claw)
Wands
 h - a wand of iceblast (7)
Scrolls
 d - 4 scrolls of identify
 i - a scroll of enchant armour {unknown}
 l - 3 scrolls of teleportation
Potions
 c - a potion of brilliance


   Skills:
 + Level 3.0 Dodging
 - Level 2.3 Stealth
 - Level 0.3 Unarmed Combat
 + Level 3.4 Spellcasting
 * Level 6.0 Necromancy


You had 5 spell levels left.
You knew the following spells:

 Your Spells              Type           Power      Damage    Failure   Level
a - Pain                  Necr           96%        1d8       1%          1
b - Animate Skeleton      Necr           48%        N/A       1%          1
c - Animate Dead          Necr           12%        N/A       13%         4

Your spell library contained the following spells:

 Spells                   Type           Power      Damage    Failure   Level
 Vampiric Draining        Necr           12%        2d7       4%          3
 Passwall                 Tmut/Erth      2%         N/A       24%         2
 Slow                     Hex            3%         N/A       24%         2
 Agony                    Necr           24%        N/A       36%         5
 Confusing Touch          Hex            3%         N/A       43%         3
 Gell's Gravitas          Tloc           1%         N/A       43%         3
 Lesser Beckoning         Tloc           3%         N/A       43%         3
 Swiftness                Air            3%         N/A       43%         3
 Teleport Other           Tloc           3%         N/A       43%         3
 Yara's Violent Unravell  Hex/Tmut       1%         3d3       99%         5
 Invisibility             Hex            1%         N/A       100%        6


Dungeon Overview and Level Annotations

Branches:
Dungeon (5/15)
 Temple: D:4-7

Altars:

Annotations:
D:5 1 runed translucent door, willcat's ghost, weakling OpDe


Innate Abilities, Weirdness & Mutations

You thrive by killing the living.
You are immune to poison.
You have sharp fingernails.
Your flesh is cold resistant. (rC+)
You are immune to negative energy. (rN+++)
You do not regenerate when monsters are visible.
You are immune to unholy pain and torment.


Message History

The water moccasin skeleton is heavily damaged.
The water moccasin skeleton bites you. x2
You are too injured to fight recklessly!
You are too injured to fight recklessly!
You are too injured to fight recklessly!
You are too injured to fight recklessly!
You barely miss the water moccasin skeleton.
The water moccasin skeleton is heavily damaged.
The water moccasin skeleton completely misses you.
You closely miss the water moccasin skeleton.
The water moccasin skeleton is heavily damaged.
The water moccasin skeleton completely misses you.
You barely miss the water moccasin skeleton.
The water moccasin skeleton is heavily damaged.
The water moccasin skeleton closely misses you.
You scratch the water moccasin skeleton.
The water moccasin skeleton is heavily damaged.
The water moccasin skeleton barely misses you.
You scratch the water moccasin skeleton.
The water moccasin skeleton is severely damaged.
The water moccasin skeleton closely misses you.
You closely miss the water moccasin skeleton.
The water moccasin skeleton is severely damaged.
The water moccasin skeleton barely misses you.
The water moccasin skeleton bites you.
You scratch the water moccasin skeleton.
The water moccasin skeleton is severely damaged.
The water moccasin skeleton bites you.
* * * LOW HITPOINT WARNING * * *
You scratch the water moccasin skeleton but do no damage.
The water moccasin skeleton is severely damaged.
The water moccasin skeleton bites you.
* * * LOW HITPOINT WARNING * * *
You closely miss the water moccasin skeleton.
The water moccasin skeleton is severely damaged.
The water moccasin skeleton bites you.
* * * LOW HITPOINT WARNING * * *
Unknown command.
The water moccasin skeleton bites you.
You die...

.... #......[..##### .....
######.<....... .....
#.[.##.######## ....?.
#.≈.#..........
.##...####.≈.##.##########
................#.≈.#....>.......
........##......#W≈.#...#########
#.......##......##+##...# #
#.......##.....Z@.......# #
#.......##..............# #
#.......####............# #
#.......................# #
#.....$............#### #
#.....................# #
##.###.............##.# # #)#
#.............# # # #)#
#.............# #


You could see willcat's ghost and a water moccasin skeleton.

Vanquished Creatures
  A scorpion (D:3)
  A hound (D:5)
  A bullfrog skeleton (D:5)
  3 iguanas (D:5)
  A hound skeleton (D:5)
  A gnoll (D:2)
  An adder (D:3)
  A worm (D:3)
  A dart slug (D:3)
  5 orcs
  5 endoplasms
  4 giant cockroaches
  11 goblins
  6 hobgoblins
  5 jackals
  4 quokkas
  6 ball pythons
  2 bats (D:1)
  7 frilled lizards
  6 kobolds
  24 rats
96 creatures vanquished.

Vanquished Creatures (others)
  12 plants (D:1)
12 creatures vanquished.

Grand Total: 108 creatures vanquished

Notes
Turn   | Place    | Note
-------+----------+-------------------------------------------
     0 | D:1      | ryw the Ghoul Necromancer began the quest for the Orb.
     0 | D:1      | Reached XP level 1. HP: 14/14 MP: 2/2
   517 | D:1      | Reached XP level 2. HP: 20/20 MP: 1/3
   555 | D:1      | Learned a level 1 spell: Animate Skeleton
  1119 | D:1      | Reached XP level 3. HP: 26/26 MP: 1/5
  2338 | D:2      | Found a faded altar of an unknown god.
  2353 | D:2      | You fall into a shaft and drop 1 floor!
  2427 | D:3      | Reached XP level 4. HP: 33/33 MP: 0/7
  2904 | D:3      | Learned a level 4 spell: Animate Dead
  3225 | D:3      | Noticed a scorpion
  3233 | D:3      | Killed a scorpion
  3234 | D:3      | Reached skill level 5 in Necromancy
  3234 | D:3      | Reached XP level 5. HP: 38/38 MP: 1/8
  4016 | D:4      | Noticed an ogre
  4383 | D:5      | Entered Level 5 of the Dungeon
  4559 | D:5      | Reached XP level 6. HP: 28/45 MP: 9/9
  4968 | D:5      | Found a runed translucent door.
  4969 | D:5      | Noticed willcat's ghost (weakling OpDe)
  5010 | D:5      | Reached skill level 6 in Necromancy
  5178 | D:5      | HP: 2/45 [water moccasin skeleton (4)]
  5180 | D:5      | Slain by a water moccasin skeleton

Illustrated notes

Levels and vault maps discovered:
D:1:      eino_arrival_tree_alley, layout_rooms
D:2:      layout_loops_corners, serial_shops, nicolae_shop_waterfront,
          shapermc_ecumenical_altar_notcrosses, basic_altar, kennysheep_potato
D:3:      layout_basic, minmay_rat_hole
D:4:      layout_loops_cross
D:5:      layout_basic, ebering_ghost_reflecting_pool, uniq_crazy_yiuf_cottage

Skill      XL: |  1  2  3  4  5  6 |
---------------+-------------------+-----
Spellcasting   | 2 3 |  3.4
Dodging        | 2 3 |  3.0
Necromancy     | 5 6 |  6.0
Stealth        | |  2.3
Unarmed Combat | |  0.3

Action                   |  1- 3 |  4- 6 || total
-------------------------+-------+-------++-------
Melee: Unarmed           |    31 |   103 ||   134
 Cast: Pain              |    93 |    75 ||   168
       Animate Skeleton  |     1 |       ||     1
  Use: Scroll            |       |     6 ||     6
       Potion            |       |     3 ||     3
Armor: Robe              |    11 |    11 ||    22
Dodge: Dodged            |    39 |    70 ||   109

Table legend: (Time is in decaauts)
 A = Elapsed time spent in this place.
 B = Non-inter-level travel time spent in this place.
 C = Inter-level travel time spent in this place.
 D = Time resting spent in this place.
 E = Time spent auto-exploring this place.
 F = Levels seen in this place.
 G = Mean time per level.
                   A        B        C        D        E       F      G
               +--------+--------+--------+--------+--------+-----+--------+
         Total |   5182 |   5040 |    142 |   1371 |   2492 |   5 | 1036.4 |
       Dungeon |   5182 |   5040 |    142 |   1371 |   2492 |   5 | 1036.4 |
               +--------+--------+--------+--------+--------+-----+--------+

Top non-repeatable levels by time:
     D:1: 2049 daAuts
     D:3: 1291 daAuts
     D:4: 806 daAuts
     D:5: 730 daAuts
     D:2: 304 daAuts
